 Dungeon Crawl Stone Soup version 0.31-a0-1068-g5939ac1fb6 (webtiles) character file.

Game seed: 18007698678225947758

1513400 Flugkiller the Deadly Accurate (level 26, 183/183 HPs)
             Began as a Mummy Wanderer on Nov 24, 2023.
             Was the Champion of Hepliaklqana.
             Escaped with the Orb
             ... and 3 runes!
             The game lasted 04:34:43 (85381 turns).

Flugkiller the Deadly Accurate (Mummy Wanderer)    Turns: 85381, Time: 04:34:43

Health: 183/183    AC: 37    Str: 18    XL:     26   Next: 31%
Magic:  43/43      EV: 19    Int: 19    God:    Hepliaklqana [******]
Gold:   3809       SH: 15    Dex: 15    Spells: 24/57 levels left

rFire   + + .        a - +9 demon trident (protect)
rCold   . . .        B - +3 kite shield {AC+3}
rNeg    + + +        D - +8 fire dragon scales
rPois   ∞            P - +0 hat of Transparent the Leaf {Regen+}
rElec   .            C - +1 cloak of Starlight {*Dazzle EV+4 Stlth--}
rCorr   .            I - +2 pair of gloves of Lies {Str+2}
SInv    .            u - +2 pair of boots
Will    +++..        M - amulet of regeneration Stlth
                     p - +4 ring of protection
HPRegen 2.10/turn    f - ring of protection from fire
MPRegen 0.28/turn

%: faith
@: no status effects
A: reduced essence, cold resistance 1, negative energy resistance 3, torment
resistance 2, heat vulnerability 1, in touch with death 2, no potions, faith
0: Orb of Zot
}: 3/15 runes: serpentine, barnacled, abyssal
a: Renounce Religion, Recall Ancestor, Ancestor Identity, Transference, Idealise


You escaped.
You worshipped Hepliaklqana.
Hepliaklqana was exalted by your worship.
You visited 11 branches of the dungeon, and saw 49 of its levels.
You visited the Abyss 1 time.
You visited 1 bazaar.
You also visited: Bailey, Wizlab and Desolation.

You collected 7315 gold pieces.
You spent 3506 gold pieces at shops.

Inventory:

Hand Weapons
 a - a +9 demon trident of protection (weapon)
   (You took it off Louise on level 15 of the Dungeon)
 b - the +2 short sword of the Thieving Moth {heavy, rElec rPois rF+++ Will-}
   (You found it on level 14 of the Dungeon)

   rF+++:     It renders you almost immune to fire.
   rElec:     It insulates you from electricity.
   rPois:     It protects you from poison Will-: It decreases your willpower.
Missiles
 H - 17 curare-tipped darts
 K - 3 darts of dispersal
 S - 38 javelins
 U - 3 throwing nets (quivered)
 V - 9 silver javelins
Armour
 g - a +2 leather armour of fire resistance
   (You took it off an orc on level 1 of the Orcish Mines)
 u - a +2 pair of boots (worn)
   (You bought it in a shop on level 1 of the Dungeon)
 B - a +3 kite shield of protection (worn)
   (You took it off a naga warrior on level 4 of the Snake Pit)
 C - the +1 cloak of Starlight (worn) {*Dazzle EV+4 Stlth--}
   (You found it in a wizard's laboratory)

   *Dazzle:   It may blind those who miss an attack against the wearer in melee
   combat.
   EV+4:      It affects your evasion (+4).
   Stlth--:   It makes you much less stealthy.
 D - +8 fire dragon scales (worn)
   (You found it on level 1 of the Depths)
 I - the +2 pair of gloves of Lies (worn) {Str+2}
   (You found it on level 2 of the Shoals)

   Str+2:     It affects your strength (+2).
 P - the +0 hat of Transparent the Leaf (worn) {Regen+}
   (You found it on level 2 of the Shoals)

   Regen+:    It increases your rate of health regeneration.
 Y - the +3 hat of the Guilds {Dex+2}
   (You found it on level 14 of the Dungeon)

   Dex+2:     It affects your dexterity (+2).
Jewellery
 c - a ring of protection from cold
   (You took it off a spriggan air mage on level 3 of the Depths)
 d - a ring of flight
   (You took it off a naga on level 4 of the Snake Pit)
 e - the ring of Tukkaont {Wiz Will+ Int+5 Stlth-}
   (You took it off a draconian shifter on level 3 of the Realm of Zot)

   [ring of wizardry]

   Wiz:       It improves your spell success rate.
   Int+5:     It affects your intelligence (+5).
   Will+:     It increases your willpower.
   Stlth-:    It makes you less stealthy.
 f - a ring of protection from fire (right hand)
   (You found it on level 4 of the Vaults)
 i - a ring of see invisible
   (You found it on level 4 of the Lair of Beasts)
 p - a +4 ring of protection (left hand)
   (You found it on level 9 of the Dungeon)
 v - a ring of fire
   (You found it on level 3 of the Crypt)
 w - an amulet of guardian spirit
   (You found it on level 2 of the Realm of Zot)
 F - the ring of the Oni {rC+ rN+++ Str+2 Int-2 Dex+6}
   (You took it off a servant of whispers in the Desolation of Salt)

   [ring of dexterity]

   Str+2:     It affects your strength (+2).
   Int-2:     It affects your intelligence (-2).
   Dex+6:     It affects your dexterity (+6).
   rC+:       It protects you from cold.
   rN+++:     It renders you almost immune to negative energy.
 M - an amulet of regeneration (around neck)
   (You bought it in a shop on level 2 of the Orcish Mines)
 W - a +4 ring of protection
   (You found it on level 13 of the Dungeon)
Wands
 k - a wand of light (18)
   (You found it on level 1 of the Depths)
 o - a wand of mindburst (33)
   (You found it on level 11 of the Dungeon)
 s - a wand of paralysis (54)
   (You took it off a hobgoblin on level 4 of the Dungeon)
 y - a wand of roots (23)
   (You found it on level 7 of the Dungeon)
 J - a wand of digging (31)
   (You found it on level 3 of the Lair of Beasts)
 R - a wand of flame (96)
   (You found it on level 5 of the Lair of Beasts)
 T - a wand of polymorph (3)
   (You found it on level 12 of the Dungeon)
Scrolls
 h - a scroll of brand weapon
 j - 8 scrolls of vulnerability
 q - 9 scrolls of immolation
 t - 11 scrolls of teleportation
 x - 6 scrolls of torment
 z - a scroll of blinking
 A - 11 scrolls of fog
 G - 9 scrolls of amnesia
 N - a scroll of fear
 O - a scroll of butterflies
 Q - 4 scrolls of silence
 Z - 3 scrolls of poison
Miscellaneous
 l - a sack of spiders
   (You bought it in a shop on level 3 of the Shoals)
 n - a phantom mirror
   (You bought it in a shop on level 3 of the Shoals)
 r - a phial of floods
   (You found it on level 4 of the Shoals)


   Skills:
 - Level 16.0 Fighting
 - Level 2.0 Short Blades
 - Level 14.0 Polearms
 + Level 18.7 Throwing
 - Level 13.0 Armour
 - Level 14.9 Dodging
 - Level 2.0 Stealth
 - Level 12.0 Shields
 - Level 16.2 Spellcasting
 - Level 9.7 Conjurations
 - Level 14.0 Necromancy
 - Level 12.0 Transmutations
 - Level 8.0 Ice Magic
 - Level 8.0 Earth Magic
 - Level 10.0 Invocations
 - Level 8.0 Evocations


You had 24 spell levels left.
You knew the following spells:

 Your Spells              Type           Power      Damage    Failure   Level
a - Freeze                Ice            100%       1d10      1%          1
b - Ozocubu's Armour      Ice            45%        N/A       2%          3
c - Vampiric Draining     Necr           100%       2d13      1%          3
d - Agony                 Necr           100%       N/A       1%          5
e - Animate Dead          Necr           100%       N/A       1%          4
f - Death Channel         Necr           50%        N/A       11%         6
g - Borgnjor's Vile Clut  Necr/Erth      45%        N/A       6%          5
i - Irradiate             Conj/Tmut      27%        3d20      7%          5
q - Apportation           Tloc           30%        N/A       22%         1

Your spell library contained the following spells:

 Spells                   Type           Power      Damage    Failure   Level
 Necrotise                Necr           100%       1d9       1%          1
 Sandblast                Erth           90%        2d19      1%          1
 Sting                    Tmut/Pois      100%       1d8       1%          1
 Passwall                 Tmut/Erth      43%        N/A       1%          2
 Hailstorm                Conj/Ice       49%        3d11      1%          3
 Stone Arrow              Conj/Erth      98%        3d13      1%          3
 Foxfire                  Conj/Fire      100%       2x1d9     3%          1
 Shock                    Conj/Air       100%       1d9       3%          1
 Petrify                  Tmut/Erth      52%        N/A       3%          4
 Cigotuvi's Dreadful Rot  Necr/Pois/Air  100%       N/A       4%          2
 Momentum Strike          Conj/Tloc      66%        3d9       4%          2
 Static Discharge         Conj/Air       66%        3-6/arc   4%          2
 Brom's Barrelling Bould  Conj/Erth      49%        2d7       5%          4
 Ensorcelled Hibernation  Hex/Ice        60%        N/A       6%          2
 Dazzling Flash           Conj/Hex       66%        N/A       9%          3
 Ignite Poison            Fire/Tmut/Pois 30%        N/A       12%         3
 Anguish                  Hex/Necr       38%        N/A       12%         4
 Summon Small Mammal      Summ           60%        N/A       22%         1
 Lee's Rapid Deconstruct  Erth           22%        3d13*     22%         5
 Flame Wave               Conj/Fire      33%        2d10      28%         4
 Iskenderun's Mystic Bla  Conj/Tloc      33%        2d8       28%         4
 Blink                    Tloc           30%        N/A       32%         2
 Jinxbite                 Hex            30%        N/A       32%         2
 Lesser Beckoning         Tloc           30%        N/A       32%         2
 Poisonous Vapours        Pois/Air       30%        N/A       32%         2
 Scorch                   Fire           30%        2d6       32%         2
 Animate Armour           Summ/Erth      60%        N/A       38%         4
 Freezing Cloud           Conj/Ice/Air   18%        6-21      45%         5
 Yara's Violent Unravell  Hex/Tmut       19%        3d9       45%         5
 Gell's Gravitas          Tloc           15%        N/A       54%         3
 Inner Flame              Hex/Fire       15%        N/A       54%         3
 Summon Guardian Golem    Hex/Summ       15%        N/A       54%         3
 Swiftness                Air            15%        N/A       54%         3
 Teleport Other           Tloc           15%        N/A       54%         3
 Tukima's Dance           Hex            15%        N/A       54%         3
 Volatile Blastmotes      Fire/Tloc      30%        2d12      54%         3
 Arcjolt                  Conj/Air       16%        1d26      63%         5
 Fireball                 Conj/Fire      16%        3d8       63%         5
 Airstrike                Air            7%         2d(2-18)  91%         4
 Cause Fear               Hex            7%         N/A       91%         4
 Dimensional Bullseye     Hex/Tloc       7%         N/A       91%         4
 Manifold Assault         Tloc           15%        N/A       91%         4
 Olgreb's Toxic Radiance  Pois           15%        N/A       91%         4
 Passage of Golubria      Tloc           15%        N/A       91%         4
 Summon Lightning Spire   Summ/Air       15%        N/A       91%         4
 Vhi's Electric Charge    Tloc/Air       30%        N/A       91%         4
 Eringya's Noxious Bog    Tmut/Pois      19%        4d6       95%         6
 Silence                  Hex/Air        7%         N/A       99%         5
 Summon Forest            Summ/Tloc      7%         N/A       99%         5
 Conjure Ball Lightning   Conj/Air       16%        3x3d6     99%         6
 Starburst                Conj/Fire      16%        6d6       99%         6
 Infestation              Necr           50%        N/A       99%         8
 Dispersal                Tloc           7%         N/A       100%        6
 Summon Cactus Giant      Summ           7%         N/A       100%        6
 Enfeeble                 Hex            7%         N/A       100%        7
 Haunt                    Necr/Summ      38%        N/A       100%        7
 Malign Gateway           Summ/Tloc      7%         N/A       100%        7
 Ozocubu's Refrigeration  Ice            22%        4d12      100%        7
 Spellforged Servitor     Conj/Summ      16%        N/A       100%        7
 Summon Hydra             Summ           7%         N/A       100%        7
 Discord                  Hex            7%         N/A       100%        8
 Disjunction              Tloc           7%         N/A       100%        8
 Maxwell's Capacitive Co  Air            7%         ∞         100%        8
 Summon Horrible Things   Summ           7%         N/A       100%        8
 Dragon's Call            Summ           7%         N/A       100%        9
 Sublimation of Blood     Necr           Unusable   N/A       N/A         2
 Wereblood                Tmut           Unusable   N/A       N/A         2

Dungeon Overview and Level Annotations

Branches:
Dungeon (15/15)            Temple (1/1) D:5            Lair (5/5) D:11
 Shoals (4/4) Lair:3        Snake (4/4) Lair:3        Slime (0/5) Lair:4
    Orc (2/2) D:10            Elf (2/3) Orc:2        Vaults (4/5) D:13
  Crypt (3/3) Vaults:2       Tomb (0/3) Crypt:3      Depths (4/4) D:15
    Zot (5/5) Depths:4     Bailey (visited)          WizLab (visited)
Desolation (visited)

Altars:
Ashenzari
Cheibriados
Dithmenos
Fedhas
Gozag
Hepliaklqana
Kikubaaqudgha
Makhleb
Nemelex Xobeh
Okawaru
Qazlal
Ru
Sif Muna
Trog
Uskayaw
Vehumet
Wu Jian
Xom
Yredelemnul
Jiyva

Shops:
D:1 *   D:10 [   D:11 ?   Orc:2 ([*=   Elf:2 :   Shoals:3 *   Snake:4 ==:
Vaults:2 *   Vaults:3 :*

Portals:
Hell: Depths:1 Depths:2 Depths:3 Depths:4
Abyss: Depths:1 Depths:3
Pandemonium: Depths:2 Depths:4
Ziggurat: Depths:1
Trove: D:12 (give +6 demon blade)

Annotations:
D:14 exclusion: downstairs
D:15 2 transporters, Armakuni's ghost, journeyman HuAr; Eneel's ghost, journeyman DsWn; Rupert
Shoals:3 exclusion: downstairs
Snake:4 Roxanne
Depths:1 exclusions: daeva and 3 more exclusions
Depths:3 exclusion: upstairs
Zot:2 2 runed translucent doors, exclusion: door, Sial's ghost, veteran MiMo


Innate Abilities, Weirdness & Mutations

Your life essence is reduced to manifest your ancestor. (-10% HP)
You are immune to poison.
Your flesh is cold resistant. (rC+)
You are immune to negative energy. (rN+++)
You are immune to unholy pain and torment.
You are vulnerable to heat. (rF-)
You are strongly in touch with the powers of death.
You do not drink.
You have a special connection with the divine. (Faith)


Message History

The Brimstone Fiend is moderately wounded.
The zombie hands constrict the Brimstone Fiend.
MuOP points at the Brimstone Fiend and mumbles some strange words.
The bolt of magma hits the Brimstone Fiend!
The Brimstone Fiend partially resists.
You reach to attack!
You impale the Brimstone Fiend!!
The Brimstone Fiend is almost dead.
The zombie hands constrict the Brimstone Fiend, but do no damage.
The Brimstone Fiend gestures at you.
The sphere of damnation explodes!
The damnation engulfs you!!
The damnation engulfs MuOP!!
You reach to attack!
You puncture the Brimstone Fiend!
The Brimstone Fiend is almost dead.
The zombie hands constrict the Brimstone Fiend!
You kill the Brimstone Fiend!
No target in view!
There is an open door here.
A Hell Sentinel comes into view.
Throw: 4 throwing nets
Press: ? - help, Q - select action, (/) - cycle Shift-Dir - straight line, f - Hell Sentinel
Aim: a Hell Sentinel (90% to hit)
Okay, then.
Throw: 4 throwing nets
Press: ? - help, Q - select action, (/) - cycle Shift-Dir - straight line, f - Hell Sentinel
Aim: a Hell Sentinel (90% to hit)
You throw a throwing net.
The throwing net hits the Hell Sentinel.
The Hell Sentinel is caught in the net!
Unknown command.
The Hell Sentinel struggles against the net.
Hepliaklqana grants MuOP healing and protection!
MuOP is fully restored!
MuOP casts a spell at the Hell Sentinel.
The bolt of magma hits the Hell Sentinel.
The Hell Sentinel partially resists.
The Hell Sentinel struggles against the net.
The Hell Sentinel struggles against the net.
You catch the helpless Hell Sentinel completely off-guard!
You puncture the Hell Sentinel!
Your weapon exudes an aura of protection.
The Hell Sentinel is lightly wounded.
MuOP hits the Hell Sentinel with a +0 lajatang of freezing!!
You strike the helpless Hell Sentinel from behind!
You hit the Hell Sentinel.
The Hell Sentinel is heavily wounded.
The Hell Sentinel struggles against the net.
You hit the Hell Sentinel.
The Hell Sentinel is heavily wounded.
MuOP hits the Hell Sentinel with a +0 lajatang of freezing!!
The Hell Sentinel struggles against the net.
You catch the helpless Hell Sentinel completely off-guard!
You hit the Hell Sentinel but do no damage.
The Hell Sentinel is severely wounded.
MuOP casts a spell.
MuOP seems to speed up.
You hit the Hell Sentinel but do no damage.
The Hell Sentinel is severely wounded.
The Hell Sentinel struggles against the net.
MuOP hits the Hell Sentinel with a +0 lajatang of freezing!!!
The Hell Sentinel dies!
No target in view!
There is a stone staircase leading up here.
You climb upwards.
There is a stone staircase leading down here.
What level of the Dungeon? (default 1, ? - help) MuOP loses the glow of perfection.
An Orb Guardian comes into view.
There is a stone staircase leading up here.
MuOP misses the Orb Guardian.
You climb upwards.
There is a stone staircase leading down here.
MuOP is recalled.
Magic restored.
There is a stone staircase leading up here.
You climb upwards.
There is a stone staircase leading down here.
There is a stone staircase leading up here.
You climb upwards.
There is a stone staircase leading down here.
There is a stone staircase leading up here.
You climb upwards.
There is a stone staircase leading down here.
You see here a +0 dagger.
Items here: ))) [[.
There is a stone staircase leading up here.
You climb upwards.
There is a stone staircase leading down here.
There is an open door here.
There is a stone staircase leading up here.
You climb upwards.
There is a stone staircase leading down here.
There is a staircase leading out of the dungeon here.
Enter note: gg Unknown command.
Welcome back, Flugkiller the Mummy Wanderer.
Hepliaklqana says: Your past becomes your present!
Press ? for a list of commands and other information.
Unknown command.
Unknown command.
You have escaped!

..#.§.#...##.PP......##...#...#..
..#...#...####PP...####...#...#..
..#...#...##.###'###.##...#...#..
..#...#...#...#...#...#...#...#..
......#...#...#.>)#...#...#......
......#...#...#...#...#...#......
##............#...#............##
######..........R..........######
'....######.....@.....######.....
###......##############......####
###.#.#.................######
..#............##########
###....##.....## #.........####
##.##.###..# ........#.##
##.##.#.#.#


You could see the friendly MuOP the battlemage.

Vanquished Creatures
  An ancient lich (Zot:5)
  2 orbs of fire (Zot:5)
  Mara (Shoals:4)
  A juggernaut (Depths:4)
  3 Killer Klowns (Zot:5)
  2 curse toes
  A caustic shrike (Depths:3)
  6 golden dragons
  A profane servitor (Crypt:3)
  A doom hound (Crypt:2)
  A Brimstone Fiend (D:8)
  7 tentacled monstrosities
  2 electric golems
  A lich (Abyss:4)
  Grunn (Crypt:2)
  11 Orb Guardians
  2 quicksilver dragons (Zot:5)
  A kraken (Shoals:2)
  A sphinx (Depths:3)
  2 ancient champions (Crypt:3)
  A tentacled starspawn (WizLab)
  Agnes (D:13)
  Polyphemus (Shoals:3)
  Aizul (Snake:2)
  Kirke (Snake:2)
  2 tengu reavers
  A shadow dragon (Zot:3)
  4 nagarajas (Snake:4)
  Ilsuiw (Shoals:4)
  2 draconian monks
  9 storm dragons
  A frost giant (Depths:4)
  The ghost of MrCrawl the Eclecticist, an adept DrFE of Vehumet (Shoals:2)
  2 imperial myrmidons (Desolation)
  2 deep elf sorcerers
  2 balrugs
  4 vault wardens
  3 ghost moths
  An iron dragon (Zot:3)
  Louise (D:15)
  4 curse skulls
  A draconian shifter (Zot:3)
  2 draconian stormcallers
  5 ironbound preservers
  2 draconian scorchers (Depths:4)
  A war gargoyle (Vaults:4)
  4 draconian annihilators
  A caustic shrike skeleton (Crypt:1)
  7 very ugly things
  5 ghouls
  2 stone giants (Depths:2)
  2 ironbound thunderhulks
  8 black draconians
  A white draconian (Zot:1)
  5 vampire knights
  2 deep elf demonologists
  5 purple draconians
  4 green draconians
  3 dire elephants
  6 red draconians
  A yellow draconian (Zot:5)
  7 jiangshi
  5 ettins
  An eidolon (Crypt:2)
  2 crystal guardians
  A merfolk impaler (Shoals:4)
  2 ragged hierophants (Desolation)
  An entropy weaver (Depths:3)
  7 fire dragons
  2 great orbs of eyes
  5 merfolk javelineers
  4 vault guards
  3 hydras
  8 yaktaur captains
  A caustic shrike simulacrum (Crypt:1)
  Erolcha (Orc:1)
  3 rakshasas
  3 peacekeepers
  2 servants of whispers (Desolation)
  2 salamander tyrants (Snake:2)
  3 ice dragons
  A hell beast (Depths:4)
  A boulder beetle (D:15)
  An ogre mage (D:14)
  2 catoblepae
  3 anacondas
  2 merfolk avatars
  5 centaur warriors
  3 ironbound frosthearts
  2 death knights
  2 merfolk aquamancers (Shoals:2)
  8 dancing weapons
  7 satyrs
  2 two-headed ogres (D:14)
  An alligator snapping turtle (Shoals:2)
  A fenstrider witch skeleton (Crypt:2)
  A hell hog (Depths:1)
  8 naga warriors
  3 death yaks
  A deep troll shaman (Depths:2)
  6 naga sharpshooters
  8 tengu warriors
  4 vampire magi
  2 deep troll earth magi (Depths:2)
  2 orc high priests (Orc:2)
  8 deep elf knights
  6 spriggan berserkers
  A thrashing horror (Abyss:4)
  2 sun demons
  A soul eater (Crypt:2)
  2 hell knights
  9 shock serpents
  A shadow wraith (WizLab)
  A skyshark (Lair:3)
  2 iron trolls (Depths:2)
  An anaconda zombie (Crypt:2)
  24 skeletal warriors
  4 flayed ghosts
  A sixfirhy (Depths:4)
  A salamander mystic (Snake:2)
  An orb spider (WizLab)
  11 sea snakes
  13 deep trolls
  A bunyip skeleton (Crypt:1)
  4 naga ritualists
  3 glowing orange brains
  3 arcanists
  3 ironbound convokers
  A spectral hydra (Crypt:3)
  3 lindwurms
  4 phantasmal warriors
  8 deep elf pyromancers
  10 deep elf zephyrmancers (Elf:1)
  A wolf spider (Lair:5)
  4 deep elf archers
  A stone giant zombie (Vaults:3)
  4 harpies (Shoals:4)
  2 orc knights
  A fire giant zombie (Vaults:3)
  2 worldbinders (WizLab)
  16 moths of wrath
  3 mana vipers (Snake:4)
  A necromancer (Crypt:1)
  4 cyclopes
  9 manticores
  30 ugly things
  2 orc sorcerers
  14 fauns
  A dire elephant zombie (Crypt:1)
  An apocalypse crab (WizLab)
  4 guardian serpents
  A centaur zombie (Crypt:1)
  15 salamanders
  5 merfolk sirens
  A rust devil (Abyss:4)
  20 black mambas
  8 naga magi
  3 water nymphs
  4 vault sentinels
  A smoke demon (Abyss:3)
  13 cane toads
  4 large abominations
  A kobold demonologist (D:13)
  A dire elephant skeleton (Crypt:1)
  An ice statue (Lair:5)
  15 yaktaurs
  3 tengu conjurers
  A komodo dragon (Lair:5)
  2 efreet
  3 freezing wraiths
  A bunyip simulacrum (Crypt:1)
  An ice devil (Lair:5)
  A tormentor (Depths:2)
  A red devil (Zot:3)
  The ghost of kae the Magician, a novice DEFE (D:4)
  7 merfolk
  A black draconian skeleton (Crypt:1)
  A hellwing (Depths:3)
  A wind drake (Shoals:2)
  A troll (Orc:1)
  A harpy zombie (Crypt:1)
  10 saltlings
  A glass eye (Depths:4)
  A polar bear (Lair:3)
  4 hornets
  The ghost of MrCrawl the Firebug, an amateur DrFE (D:3)
  8 blink frogs
  A raiju (Abyss:4)
  A jumping spider (WizLab)
  3 snapping turtles
  4 dream sheep
  A satyr skeleton (Crypt:1)
  Sigmund (D:2)
  10 slime creatures
  21 flying skulls
  A shadow (Crypt:3)
  2 ynoxinuls (Abyss:3)
  2 spriggans
  4 hogs
  3 wraiths
  3 wyverns (Lair:5)
  A spriggan (shapeshifter) (D:14)
  A black mamba skeleton (Crypt:1)
  7 water elementals
  A battlemage (Vaults:3)
  A fire bat (Depths:1)
  36 yaks
  A steam dragon (Lair:4)
  A yaktaur simulacrum (Vaults:4)
  5 vampire mosquitoes
  2 wargs
  3 redbacks
  2 neqoxecs
  20 nagas
  A glowing shapeshifter zombie (Vaults:4)
  A demonspawn zombie (Crypt:1)
  3 acid dragons
  An ogre skeleton (Vaults:4)
  10 water moccasins
  A swamp drake (Lair:5)
  9 orc warriors
  3 black bears
  A black bear (shapeshifter) (D:14)
  6 ice beasts
  3 sky beasts
  7 ogres
  3 boggarts (Vaults:1)
  2 small abominations (Crypt:3)
  6 centaurs
  A phantom (D:7)
  2 kobold brigands (D:13)
  3 bullfrogs
  2 necrophages (Crypt:1)
  4 wights
  A wyvern zombie (Crypt:1)
  4 scorpions
  3 spriggan zombies
  A swamp dragon simulacrum (Crypt:2)
  16 killer bees
  3 howler monkeys
  2 hounds
  3 jellies
  A gnoll bouda (D:7)
  9 orc priests
  10 starcursed masses
  2 iguanas
  A sleepcap (D:5)
  10 orc wizards
  A tengu zombie (Crypt:2)
  Robin (D:2)
  11 gnolls
  9 adders
  A shadow imp (D:6)
  2 white imps
  2 dart slugs
  55 orcs
  An endoplasm (D:4)
  A gnoll zombie (Crypt:2)
  22 goblins
  12 hobgoblins
  A kobold (D:3)
  3 quokkas
  4 ball pythons
  12 bats
  5 frilled lizards
  3 rats
  3 starspawn tentacles
  3 tentacles (Shoals:2)
1097 creatures vanquished.

Vanquished Creatures (collateral kills)
  2 dread liches
  2 orbs of fire (Zot:5)
  4 ancient liches (Zot:5)
  Bai Suzhen (Crypt:1)
  A Killer Klown (Zot:5)
  5 curse toes
  3 golden dragons
  2 doom hounds (Crypt:2)
  A bone dragon (Crypt:3)
  5 tentacled monstrosities
  Jorgrun (D:13)
  2 electric golems
  Mlioglotl (Snake:3)
  4 liches
  A Hell Sentinel (D:8)
  17 Orb Guardians
  2 quicksilver dragons (Zot:1)
  2 titans (Depths:3)
  Gastronok (Orc:1)
  A sphinx (Vaults:2)
  5 death cobs
  2 eldritch tentacles (WizLab)
  4 tentacled starspawn
  2 tengu reavers
  An ancient champion (Crypt:3)
  6 storm dragons
  Donald (Shoals:3)
  A draconian monk (Depths:3)
  A shadow dragon (Zot:3)
  4 fire giants
  2 revenants
  3 draconian knights
  3 nagarajas
  3 frost giants
  4 vault wardens
  5 draconian stormcallers
  6 draconian shifters
  5 draconian scorchers
  9 ghost moths
  A ghoul (Crypt:1)
  A juggernaut zombie (Crypt:2)
  3 spriggan defenders
  2 orc warlords
  2 draconian annihilators
  6 ironbound preservers
  7 very ugly things
  7 stone giants
  The ghost of Roekuen the Lord of Darkness, a journeyman DsGl of Kikubaaqudgha (Orc:2)
  5 ironbound thunderhulks
  11 green draconians
  A lorocyproca (D:10)
  3 formless jellyfish
  A deep elf annihilator (Elf:1)
  A deep elf demonologist (Depths:3)
  8 white draconians
  5 black draconians
  3 vampire knights
  3 red draconians
  8 yellow draconians
  7 dire elephants
  2 halazid warlocks (Desolation)
  A bunyip (shapeshifter) (Depths:3)
  13 purple draconians
  4 blizzard demons
  3 spark wasps (Depths:2)
  An ettin (Depths:3)
  2 eidola (Crypt:2)
  2 deep elf death magi
  A green death (Zot:2)
  2 crystal guardians (Desolation)
  3 merfolk impalers
  4 merfolk javelineers
  18 jiangshi
  6 fire dragons
  A spectral quicksilver dragon (Crypt:3)
  2 yaktaur captains (Vaults:1)
  3 rakshasas
  8 servants of whispers
  2 entropy weavers (Depths:3)
  A ragged hierophant (Desolation)
  5 great orbs of eyes
  3 vault guards
  An ogre mage (D:13)
  3 salamander tyrants
  4 ice dragons
  3 spriggan air magi
  5 peacekeepers
  4 centaur warriors
  2 hydras
  3 anacondas
  2 death knights (Crypt:3)
  3 ironbound frosthearts
  A catoblepas (shapeshifter) (Depths:3)
  A catoblepas (Lair:3)
  3 satyrs
  A merfolk avatar (Shoals:4)
  6 two-headed ogres
  6 death yaks
  3 deep troll shamans
  A sphinx skeleton (Vaults:3)
  4 boulder beetles
  4 naga warriors
  9 dancing weapons
  2 alligator snapping turtles (Shoals:3)
  3 tengu warriors
  5 merfolk aquamancers
  2 orc high priests (Orc:2)
  2 deep troll earth magi
  A naga sharpshooter (Snake:3)
  3 thrashing horrors (WizLab)
  2 shock serpents
  2 spriggan berserkers (Depths:2)
  3 vampire magi
  An occultist (Depths:3)
  5 soul eaters (Depths:1)
  A hell hog (Depths:1)
  11 hell knights
  Nergalle (Orc:1)
  3 sun demons
  11 deep elf knights
  A titan skeleton (Crypt:2)
  3 spriggans (Depths:2)
  Amaemon (D:11)
  2 shadow wraiths
  2 wretched stars (Abyss:4)
  A skyshark (Lair:1)
  20 skeletal warriors
  4 salamander mystics
  2 sixfirhies
  A goliath frog (shapeshifter) (D:15)
  2 obsidian statues (WizLab)
  An orb spider (WizLab)
  3 flayed ghosts
  A spark wasp zombie (Depths:3)
  12 sea snakes
  4 naga ritualists (Snake:4)
  12 deep trolls
  A swamp dragon (Lair:5)
  4 arcanists
  3 phantasmal warriors
  3 glowing orange brains
  A bog body (Crypt:1)
  12 ironbound convokers
  3 deep elf archers (Elf:1)
  8 lindwurms
  11 necromancers
  3 orc sorcerers (Orc:2)
  2 mana vipers (shapeshifter)
  8 deep elf zephyrmancers
  4 harpies (Shoals:2)
  2 large abominations
  An alligator zombie (Crypt:2)
  17 deep elf pyromancers
  4 orc knights
  14 salamanders
  5 mana vipers
  8 manticores
  4 cyclopes
  20 ugly things
  8 fauns
  A tengu skeleton (Vaults:3)
  11 moths of wrath
  10 naga magi
  25 black mambas
  2 merfolk sirens (Shoals:4)
  A rust devil (D:10)
  4 water nymphs
  8 cane toads
  3 guardian serpents
  5 vault sentinels
  An eye of devastation (shapeshifter) (WizLab)
  An apocalypse crab (Abyss:3)
  An orange demon (D:11)
  A red draconian zombie (Crypt:2)
  Psyche (D:11)
  4 unseen horrors
  11 yaktaurs
  A rime drake (shapeshifter) (Depths:3)
  11 komodo dragons
  6 tengu conjurers
  A rime drake (Lair:4)
  5 freezing wraiths
  A bunyip simulacrum (Crypt:1)
  An efreet (Abyss:4)
  2 human zombies (Vaults:3)
  A pale draconian skeleton (Crypt:2)
  4 trolls
  4 wind drakes
  13 merfolk
  3 polar bears
  A merfolk (shapeshifter) (Depths:3)
  A harpy skeleton (Abyss:4)
  A glass eye (Depths:2)
  10 blink frogs
  6 dream sheep
  A raiju (Depths:3)
  38 saltlings
  3 hornets (Depths:2)
  22 slime creatures
  6 snapping turtles
  A radroach zombie (Crypt:1)
  32 flying skulls
  2 jumping spiders (WizLab)
  A centaur simulacrum (D:14)
  A satyr zombie (Crypt:2)
  22 yaks
  8 water elementals
  5 shadows
  5 wraiths
  An ettin skeleton (Abyss:4)
  An elf skeleton (Vaults:4)
  2 vampires
  4 basilisks
  2 golden eyes (Zot:2)
  2 hogs
  9 starcursed masses
  A fire elemental (Elf:2)
  A chaos spawn (Depths:1)
  3 fire bats (Depths:1)
  13 wyverns
  7 vampire mosquitoes
  2 redbacks (Lair:5)
  A warg (Orc:2)
  33 nagas
  2 steam dragons
  A water moccasin (shapeshifter) (Depths:3)
  4 acid dragons
  13 water moccasins
  30 orc warriors
  A sky beast (D:7)
  6 ice beasts (Lair:5)
  A black bear (Lair:1)
  2 boggarts (WizLab)
  6 ogres
  2 small abominations
  11 wolves (Lair:3)
  13 centaurs
  A hog skeleton (Crypt:1)
  A kobold brigand (D:13)
  4 bullfrogs
  6 necrophages
  An earth elemental (Elf:1)
  10 wights
  A human simulacrum (Vaults:3)
  5 killer bees
  A spectral ogre (Orc:2)
  2 howler monkeys (D:10)
  2 jellies (Lair:4)
  16 orc priests
  21 orc wizards
  A warg simulacrum (Orc:2)
  6 iguanas (Lair:5)
  A basilisk skeleton (Crypt:1)
  3 spectral orcs (Orc:2)
  3 gnolls
  A white imp (Lair:5)
  2 orc simulacra (Orc:2)
  74 orcs
  2 bats
  A goblin (D:3)
  A kobold (D:13)
  A starspawn tentacle (Abyss:4)
  2 tentacles (Shoals:2)
1295 creatures vanquished.

Vanquished Creatures (others)
  A lich (Zot:5)
  A draconian monk (Zot:2)
  2 draconian knights
  A caustic shrike zombie (Depths:3)
  A draconian shifter (Zot:2)
  A draconian annihilator (Zot:2)
  An ironbound preserver (Vaults:4)
  A green draconian (Zot:2)
  2 red draconians (Zot:2)
  A yellow draconian (Zot:3)
  A fire dragon (Abyss:4)
  A salamander tyrant (Snake:4)
  A peacekeeper (Desolation)
  A titan zombie (Depths:3)
  An occultist (Depths:3)
  2 deep elf knights (Elf:1)
  An ogre zombie (Vaults:2)
  A deep elf pyromancer (D:14)
  5 draconian zombies (Zot:3)
  A stone giant zombie (Depths:3)
  4 shock serpent zombies (Snake:4)
  A yellow draconian zombie (Zot:3)
  2 black draconian zombies (Zot:3)
  3 human zombies (Vaults:2)
  2 green draconian zombies (Zot:3)
  3 sea snake zombies (Snake:4)
  A mana viper zombie (Snake:4)
  A deep troll zombie (Depths:3)
  A fire dragon zombie (Depths:3)
  An ice dragon zombie (Depths:1)
  6 black mamba zombies (Snake:4)
  A slime creature zombie (Vaults:2)
  A fire bat zombie (Depths:1)
  An entropy weaver zombie (Depths:3)
  15 naga zombies (Snake:4)
  6 salamander zombies (Snake:4)
  163 battlemagi
  10 ancestors
  9 ball lightnings (Zot:5)
  12 starspawn tentacles
  13 tentacles (Shoals:2)
283 creatures vanquished.

Grand Total: 2675 creatures vanquished

Notes
Turn   | Place    | Note
-------+----------+-------------------------------------------
     0 | D:1      | Flugkiller the Mummy Wanderer began the quest for the Orb.
     0 | D:1      | Flugkiller set off with the following items: a +2 dagger, 4
                  | curare-tipped darts, a +0 scale mail, a scroll of blinking;
                  | and the following spell memorised: Freeze; and the
                  | following spells available to memorise: Ozocubu's Armour.
     0 | D:1      | Reached XP level 1. HP: 13/13 MP: 2/2
   190 | D:1      | Reached skill level 1 in Fighting
   369 | D:1      | Found Neafich's Assorted Antiques.
   385 | D:1      | Reached XP level 2. HP: 22/22 MP: 4/4
  1112 | D:1      | Bought a scroll labelled AFYRU WORIF for 21 gold pieces
  1112 | D:1      | Bought a scroll labelled ZENWOE SIONE for 21 gold pieces
  1261 | D:2      | Noticed Sigmund
  1323 | D:2      | Noticed Robin
  1458 | D:2      | Killed Robin
  1459 | D:2      | Reached XP level 3. HP: 25/29 MP: 5/5
  1545 | D:2      | Reached skill level 1 in Stealth
  1829 | D:1      | Reached XP level 4. HP: 22/35 MP: 6/6
  2288 | D:3      | Found a runed translucent gate.
  2295 | D:3      | Found a runed translucent gate.
  2296 | D:3      | Found a runed translucent gate.
  2296 | D:3      | Noticed MrCrawl's ghost (amateur DrFE)
  2930 | D:3      | Reached skill level 1 in Short Blades
  3027 | D:3      | Reached XP level 5. HP: 39/41 MP: 7/7
  3495 | D:4      | Noticed an ogre
  3505 | D:4      | Killed an ogre
  3537 | D:4      | Reached XP level 6. HP: 44/48 MP: 7/9
  3738 | D:2      | Killed Sigmund
  4309 | D:1      | Bought a pair of boots for 94 gold pieces
  4394 | D:2      | Learned a level 3 spell: Ozocubu's Armour
  4481 | D:4      | Reached XP level 7. HP: 54/54 MP: 3/11
  4895 | D:4      | Found a stormy altar of Qazlal.
  4956 | D:4      | Reached skill level 5 in Ice Magic
  5553 | D:4      | Found a large runed translucent door.
  5553 | D:4      | Found a large runed translucent door.
  5558 | D:4      | Noticed kae's ghost (novice DEFE)
  6164 | D:5      | Entered Level 5 of the Dungeon
  6178 | D:5      | You fall into a shaft and drop 2 floors!
  6521 | D:6      | Identified the +4 hand axe of the Hidden Leylines {vamp,
                  | rC+ Int+2}
  6537 | D:5      | Found a staircase to the Ecumenical Temple.
  6543 | Temple   | Entered the Ecumenical Temple
  6566 | Temple   | Became a worshipper of Hepliaklqana the Forgotten
  6598 | Temple   | Reached XP level 8. HP: 38/60 MP: 10/13
  6991 | D:5      | Found a sparkling altar of Nemelex Xobeh.
  8036 | D:7      | Reached * piety under Hepliaklqana
  8293 | D:7      | Reached XP level 9. HP: 47/59 MP: 15/15
  8867 | D:7      | Reached skill level 5 in Fighting
  8887 | D:7      | Reached skill level 1 in Dodging
  9336 | D:7      | Reached skill level 1 in Polearms
 10913 | D:8      | Reached skill level 5 in Polearms
 11169 | D:8      | Reached XP level 10. HP: 66/66 MP: 16/16
 11257 | D:8      | Reached ** piety under Hepliaklqana
 11258 | D:8      | Remembered your ancestor MuOP as a battlemage
 11391 | D:8      | Noticed an angel
 12032 | D:9      | Noticed a two-headed ogre
 12037 | D:9      | Killed a two-headed ogre
 12069 | D:9      | Noticed a two-headed ogre
 12075 | D:9      | Killed a two-headed ogre
 12275 | D:9      | Found a flagged portal.
 12294 | Bailey   | Entered a bailey
 13881 | D:9      | Reached XP level 11. HP: 55/77 MP: 17/17
 14054 | D:9      | Found a shadowy altar of Dithmenos.
 14079 | D:9      | Reached *** piety under Hepliaklqana
 14297 | D:10     | Entered Level 10 of the Dungeon
 14297 | D:10     | Found Ellibbim's Armour Shoppe.
 14331 | D:10     | Noticed a two-headed ogre
 14650 | D:10     | Found a shimmering altar of Xom.
 14743 | D:10     | Found a staircase to the Orcish Mines.
 14969 | D:10     | Killed a two-headed ogre
 15155 | D:11     | Found Ohul Zubb's Magic Scroll Boutique.
 15325 | D:11     | Reached skill level 10 in Fighting
 15327 | D:11     | Noticed Psyche
 15334 | D:11     | Killed Psyche
 15589 | D:11     | Reached **** piety under Hepliaklqana
 15737 | D:11     | Found a broken altar of Ashenzari.
 15740 | D:11     | Noticed a skeletal warrior
 15898 | D:11     | Found a staircase to the Lair.
 15951 | D:11     | Noticed Amaemon
 16150 | D:11     | Killed Amaemon
 16315 | D:11     | Noticed a skeletal warrior
 16371 | D:11     | Noticed a skeletal warrior
 16726 | D:11     | Killed a skeletal warrior
 16727 | D:11     | Reached skill level 1 in Invocations
 16727 | D:11     | Reached XP level 12. HP: 75/91 MP: 14/18
 17041 | D:11     | Noticed a boulder beetle
 17050 | D:11     | Killed a boulder beetle
 17308 | Lair:1   | Entered Level 1 of the Lair of Beasts
 17800 | Lair:1   | Reached skill level 10 in Polearms
 17800 | Lair:1   | Reached skill level 5 in Invocations
 18246 | Lair:2   | Reached ***** piety under Hepliaklqana
 18432 | Lair:2   | Noticed a death yak
 18434 | Lair:2   | Noticed a death yak
 18464 | Lair:2   | Noticed a death yak
 18878 | Lair:2   | Reached skill level 1 in Necromancy
 19033 | Lair:2   | Gained mutation: You are strongly in touch with the powers
                  | of death. [Mummy growth]
 19033 | Lair:2   | Reached XP level 13. HP: 84/97 MP: 15/19
 19146 | Lair:2   | Identified the +1 mace "Flugkiller's Regret" {speed, Will+
                  | Str+2}
 19329 | Lair:3   | Reached skill level 5 in Spellcasting
 19784 | Lair:3   | Reached skill level 5 in Necromancy
 19870 | Lair:3   | Found a staircase to the Snake Pit.
 19872 | Lair:3   | Found a staircase to the Shoals.
 20365 | Lair:3   | Learned a level 3 spell: Vampiric Draining
 20371 | Lair:3   | Learned a level 5 spell: Agony
 20953 | Lair:3   | Found a staircase to the Snake Pit.
 22038 | Lair:4   | Found a staircase to the Slime Pits.
 22046 | Lair:4   | Found a viscous altar of Jiyva.
 23066 | Lair:5   | Entered Level 5 of the Lair of Beasts
 23089 | Lair:4   | Reached skill level 10 in Necromancy
 23680 | Lair:5   | Reached XP level 14. HP: 103/103 MP: 17/21
 24432 | Lair:5   | Reached ****** piety under Hepliaklqana
 24700 | Lair:5   | Reached skill level 5 in Armour
 24704 | Lair:5   | Reached skill level 5 in Dodging
 26694 | Lair:5   | Identified the +11 longbow "Pupnuts" {drain, rC+ Int+4}
 26908 | D:12     | Found a portal to a secret trove of treasure.
 27539 | D:13     | Got the Handbook of Distance
 28126 | D:13     | Reached skill level 15 in Fighting
 28418 | D:13     | Learned a level 5 spell: Irradiate
 28696 | D:13     | Found a gate to the Vaults.
 28868 | D:14     | Noticed Jorgrun
 28970 | D:13     | Killed Jorgrun
 29087 | D:14     | Noticed Agnes
 29096 | D:13     | Killed Agnes
 29345 | D:14     | Reached skill level 5 in Shields
 29509 | D:14     | Reached XP level 15. HP: 116/116 MP: 24/24
 29818 | D:14     | Reached skill level 1 in Conjurations
 29818 | D:14     | Reached skill level 1 in Transmutations
 29870 | D:14     | Identified the +3 hat of the Guilds {Dex+2}
 30092 | D:14     | Identified the +2 short sword of the Thieving Moth {heavy,
                  | rElec rPois rF+++ Will-}
 30203 | D:15     | Entered Level 15 of the Dungeon
 30275 | D:15     | Noticed Rupert
 30502 | D:15     | Found an ornate altar of the Wu Jian Council.
 30619 | D:15     | Identified the +0 leather armour of the Hidden Vale {+Inv
                  | rCorr MP-9 Str-3}
 31006 | D:15     | Found a transporter.
 31008 | D:15     | Found a transporter.
 31009 | D:15     | Noticed Armakuni's ghost (journeyman HuAr)
 31013 | D:15     | Noticed Eneel's ghost (journeyman DsWn)
 31017 | D:15     | Identified the ring "Nuzicwij" {rC+ Str+6 Dex+2}
 31850 | D:15     | Noticed Louise
 31923 | D:15     | Reached skill level 5 in Conjurations
 31923 | D:15     | Reached skill level 5 in Transmutations
 31947 | D:15     | Killed Louise
 31963 | D:15     | Found a staircase to the Depths.
 32229 | Orc:1    | Entered Level 1 of the Orcish Mines
 32268 | Orc:1    | Noticed Erolcha
 32281 | Orc:1    | Killed Erolcha
 32285 | Orc:1    | Noticed Gastronok
 32302 | Orc:1    | Killed Gastronok
 32504 | Orc:2    | Entered Level 2 of the Orcish Mines
 32722 | Orc:2    | Found a staircase to the Elven Halls.
 33259 | Orc:2    | Found a runed translucent gate.
 33259 | Orc:2    | Found a runed translucent gate.
 33259 | Orc:2    | Found a runed translucent gate.
 33260 | Orc:2    | Noticed Roekuen's ghost (journeyman DsGl)
 33807 | Orc:2    | Reached XP level 16. HP: 122/122 MP: 25/25
 33823 | Orc:2    | Found Hyudewk's General Store.
 33840 | Orc:2    | Found Juikorch's Jewellery Boutique.
 33841 | Orc:2    | Found Oceos's Antique Armour Boutique.
 33841 | Orc:2    | Found Akleann's Antique Weapon Shop.
 33978 | Orc:2    | Bought a bloodstained leather armour for 175 gold pieces
 33978 | Orc:2    | Identified the +0 leather armour of Ashenzari's Grace {Harm
                  | rPois Int+3 Dex+3} (You bought it in a shop on level 2 of
                  | the Orcish Mines)
 34037 | Orc:1    | Noticed Nergalle
 34045 | Orc:1    | Killed Nergalle
 34231 | D:11     | Bought a scroll of revelation for 127 gold pieces
 34231 | D:11     | Bought a scroll of teleportation for 51 gold pieces
 34231 | D:11     | Bought a scroll of teleportation for 51 gold pieces
 34431 | D:3      | Killed MrCrawl's ghost
 34529 | D:4      | Killed kae's ghost
 34853 | Orc:2    | Killed Roekuen's ghost
 35087 | Shoals:1 | Entered Level 1 of the Shoals
 36228 | Shoals:2 | Identified the +6 flail "Ackuelargh" {flame, rF+ Int+2
                  | Dex+5}
 36299 | Shoals:2 | Found a runed translucent gate.
 36299 | Shoals:2 | Found a runed translucent gate.
 36300 | Shoals:2 | Found a runed translucent gate.
 36301 | Shoals:2 | Noticed MrCrawl's ghost (adept DrFE)
 36401 | Shoals:2 | Noticed a kraken
 36566 | Shoals:2 | Killed a kraken
 37013 | Shoals:2 | Identified the ring "Uvutir" {Fire *Corrode Dex+4 SInv}
 37529 | Shoals:3 | Noticed Donald
 37544 | Shoals:3 | Killed Donald
 37802 | Shoals:3 | Noticed Polyphemus
 38602 | Shoals:3 | Killed Polyphemus
 38919 | Shoals:3 | Found Zehajomu's Gadget Gallery.
 39013 | Shoals:3 | Reached XP level 17. HP: 42/127 MP: 18/29
 39289 | Shoals:4 | Entered Level 4 of the Shoals
 39386 | Shoals:4 | Noticed Ilsuiw
 39606 | Shoals:4 | Killed Ilsuiw
 40309 | Shoals:4 | Reached skill level 10 in Shields
 40573 | Shoals:4 | Noticed Mara
 40627 | Shoals:4 | Killed Mara
 41054 | Shoals:4 | Got a barnacled rune of Zot
 41670 | Snake:1  | Entered Level 1 of the Snake Pit
 42059 | Snake:1  | Got the Omnibus of Contaminants and the Arsonist
 43118 | Snake:2  | Identified the serpent talisman of Ruskic {Int+3}
 43118 | Snake:2  | Noticed Aizul
 43130 | Snake:2  | Killed Aizul
 43181 | Snake:2  | Reached XP level 18. HP: 126/134 MP: 21/30
 44666 | Snake:3  | Noticed Kirke
 44705 | Snake:2  | Killed Kirke
 46003 | Snake:4  | Entered Level 4 of the Snake Pit
 46003 | Snake:4  | Noticed Mlioglotl
 46010 | Snake:3  | Killed Mlioglotl
 46048 | Snake:4  | Found Mubulieh's Jewellery Emporium.
 46049 | Snake:4  | Found Xezewoz's Book Boutique.
 46050 | Snake:4  | Found Ikhadaup's Jewellery Emporium.
 46199 | Snake:4  | Bought a book of Death for 660 gold pieces
 46204 | Snake:4  | Learned a level 4 spell: Animate Dead
 46280 | Snake:4  | Noticed Roxanne
 47933 | Snake:4  | Got a serpentine rune of Zot
 48283 | Elf:1    | Entered Level 1 of the Elven Halls
 48708 | Elf:1    | Reached XP level 19. HP: 139/139 MP: 31/31
 48728 | Elf:1    | Reached skill level 10 in Transmutations
 49407 | Elf:1    | Reached skill level 10 in Spellcasting
 50465 | Elf:1    | Got the Compendium of Attacks
 50568 | Elf:2    | Found Imia's Book Shop.
 50589 | Elf:2    | Bought a book of Unlife for 576 gold pieces
 50999 | Elf:2    | Found a huge runed translucent gate.
 51001 | Elf:2    | Found a huge runed translucent gate.
 51006 | Elf:2    | Found a huge runed translucent gate.
 51007 | Elf:2    | Found a huge runed translucent gate.
 51007 | Elf:2    | Found a huge runed translucent gate.
 52470 | Vaults:1 | Entered Level 1 of the Vaults
 52822 | Vaults:1 | Found a magical portal.
 52827 | WizLab   | Entered The Roulette of Golubria
 52827 | WizLab   | Found a transporter.
 52830 | WizLab   | Found a corrupted altar of Lugonu.
 52846 | WizLab   | Found a transporter.
 52853 | WizLab   | Found the +1 cloak of Starlight {*Dazzle EV+4 Stlth--}
 52869 | WizLab   | Reached skill level 10 in Dodging
 52869 | WizLab   | Found a transporter.
 53082 | WizLab   | Found a transporter.
 53147 | WizLab   | Found a transporter.
 53147 | WizLab   | Found a transporter.
 53150 | WizLab   | Got Golubria's Directory of the Singularity
 53282 | WizLab   | Found a transporter.
 53282 | WizLab   | Found a transporter.
 53290 | WizLab   | Found a corrupted altar of Lugonu.
 53297 | WizLab   | Reached skill level 5 in Evocations
 53437 | WizLab   | Found a transporter.
 53457 | WizLab   | Found a transporter.
 53457 | WizLab   | Found a transporter.
 53459 | WizLab   | Found a corrupted altar of Lugonu.
 53475 | WizLab   | Found a transporter.
 53475 | WizLab   | Found a transporter.
 53477 | WizLab   | Found a corrupted altar of Lugonu.
 53484 | WizLab   | Noticed a hellephant
 53490 | WizLab   | Found a transporter.
 53490 | WizLab   | Found a transporter.
 53496 | WizLab   | Found a transporter.
 53852 | WizLab   | Found a transporter.
 53852 | WizLab   | Found a transporter.
 53967 | WizLab   | Found a transporter.
 54353 | WizLab   | Paralysed by accursed screaming for 1 turns
 55080 | WizLab   | Identified the +0 cloak "Tococ" {Dex+3}
 55083 | WizLab   | Identified the +0 cloak of Inference {rPois Will+ Str+3
                  | Int-3}
 55086 | WizLab   | Got Golubria's Codex of the Traveller
 55407 | Vaults:1 | Reached XP level 20. HP: 147/147 MP: 35/35
 57317 | Vaults:2 | Found a staircase to the Crypt.
 57317 | Vaults:2 | Found a basalt altar of Yredelemnul.
 57317 | Vaults:2 | Found an ancient bone altar of Kikubaaqudgha.
 57499 | Vaults:2 | Reached skill level 10 in Invocations
 57578 | Vaults:2 | Identified the +6 chain mail of Kaikluff {Fly rElec Int-5
                  | SInv}
 58178 | Vaults:2 | Identified the +4 battleaxe "Owou" {flame, Fly}
 58205 | Vaults:2 | Found Ufyran's General Store.
 58207 | Vaults:2 | Reached skill level 10 in Armour
 59373 | Shoals:3 | Bought a phantom mirror for 640 gold pieces
 59373 | Shoals:3 | Bought a sack of spiders for 640 gold pieces
 60077 | Vaults:3 | Found Zuuc Aph's Assorted Antiques.
 60551 | Vaults:3 | Found Mirieh's Book Shop.
 60770 | Vaults:4 | Found a flickering gateway to a bazaar.
 60783 | Bazaar   | Entered a bazaar
 60783 | Bazaar   | Found Kigupye's Distillery.
 60783 | Bazaar   | Found Atiss's Distillery.
 60804 | Bazaar   | Found Padenn's Book Boutique.
 60843 | Bazaar   | Found Kecithes's Weapon Shop.
 60913 | Vaults:4 | Learned a level 6 spell: Death Channel
 60919 | Vaults:4 | Learned a level 5 spell: Borgnjor's Vile Clutch
 60923 | Vaults:4 | Found a crumbling gateway.
 60940 | Vaults:4 | Reached XP level 21. HP: 144/153 MP: 31/36
 60976 | Desolati | Entered the Desolation of Salt
 61110 | Desolati | Reached skill level 1 in Earth Magic
 61179 | Desolati | Identified the +2 battleaxe of Tievoro {heavy, rElec rF+}
 61179 | Desolati | Identified the ring of the Oni {rC+ rN+++ Str+2 Int-2
                  | Dex+6}
 61448 | Desolati | Identified the +0 robe of the Shining Light {rPois Str+2
                  | Int+2 Slay+3}
 61560 | Desolati | Identified the +2 buckler "Gishresu" {-Tele +Inv rPois
                  | Str-5}
 61564 | Desolati | Identified the +2 robe "Xyott" {*Slow Str+5}
 61567 | Desolati | Identified the +1 dagger "Rufunwyn" {heavy, Dex+4}
 61572 | Desolati | Identified the +11 dagger of Yxkit {flame, rPois}
 61576 | Desolati | Identified the +3 ring mail of the Three Xalams {rN+ Int+5}
 61580 | Desolati | Identified the +1 leather armour of Delen {-Tele rPois rN+
                  | Str+6}
 61585 | Desolati | Identified the +1 mace "Xoifa" {freeze, rPois rF+}
 61965 | Desolati | Reached skill level 5 in Earth Magic
 62094 | Desolati | Got the Textbook on Accomplices
 63033 | Vaults:4 | Identified the +1 kite shield of Foolhardiness {Harm rCorr}
 63474 | Depths:1 | Entered Level 1 of the Depths
 63862 | Depths:1 | Found a gateway to Hell.
 64197 | Depths:1 | Found a sparkling altar of Nemelex Xobeh.
 64349 | Depths:1 | Found a one-way gate to the infinite horrors of the Abyss.
 64439 | Depths:1 | Found a one-way gateway to a ziggurat.
 65146 | Depths:2 | Reached XP level 22. HP: 127/160 MP: 40/40
 65962 | Depths:2 | Found a one-way gate leading to the halls of Pandemonium.
 67419 | Depths:3 | Noticed a golden dragon
 67483 | Depths:3 | Killed a golden dragon
 67582 | Depths:3 | Noticed a caustic shrike
 67599 | Depths:3 | Killed a caustic shrike
 68154 | Abyss:3  | Found a corrupted altar of Lugonu.
 68154 | Abyss:3  | Cast into level 3 of the Abyss (an occultist)
 68155 | Abyss:3  | Found a corrupted altar of Lugonu.
 68161 | Abyss:3  | Found a corrupted altar of Lugonu.
 68331 | Abyss:4  | Noticed a dread lich
 68333 | Abyss:4  | Noticed a dread lich
 68339 | Abyss:4  | Killed a dread lich
 68353 | Abyss:4  | Got an abyssal rune of Zot
 68355 | Abyss:4  | Noticed an ancient lich
 68479 | Abyss:4  | Found a corrupted altar of Lugonu.
 68486 | Abyss:4  | Found a corrupted altar of Lugonu.
 68600 | Depths:3 | Escaped the Abyss
 68977 | Depths:4 | Entered Level 4 of the Depths
 69069 | Depths:4 | Reached skill level 15 in Spellcasting
 69069 | Depths:4 | Reached XP level 23. HP: 165/165 MP: 40/42
 69108 | Depths:4 | Noticed a juggernaut
 69122 | Depths:4 | Killed a juggernaut
 69695 | Depths:4 | Found a gate to the Realm of Zot.
 69951 | Zot:1    | Entered Level 1 of the Realm of Zot
 70549 | Orc:2    | Bought an amulet of regeneration for 450 gold pieces
 70743 | Crypt:1  | Entered Level 1 of the Crypt
 71406 | Crypt:1  | Noticed Bai Suzhen
 71415 | Crypt:1  | Killed Bai Suzhen
 72359 | Crypt:2  | Noticed Grunn
 72369 | Crypt:2  | Killed Grunn
 72789 | Crypt:3  | Entered Level 3 of the Crypt
 72896 | Crypt:3  | Identified the +1 robe of Vaoj {-Cast rPois Int-5 Dex+8}
 73089 | Crypt:3  | Found an ancient bone altar of Kikubaaqudgha.
 73353 | Crypt:3  | Reached XP level 24. HP: 171/171 MP: 43/43
 74070 | Crypt:3  | Reached skill level 4 in Throwing
 74199 | Crypt:3  | Reached skill level 5 in Throwing
 74523 | Crypt:3  | Reached skill level 6 in Throwing
 74728 | Crypt:3  | Found a staircase to the Tomb.
 74728 | Crypt:3  | Found the +8 demon blade "Leech" {evervamp, Harm Drain rN+}
 74871 | Crypt:3  | Reached skill level 7 in Throwing
 74898 | Crypt:3  | Identified the +9 flail of Jukkixt {elec, rC+ Will+}
 75570 | Zot:1    | Reached skill level 8 in Throwing
 76095 | Zot:1    | Reached skill level 9 in Throwing
 76807 | Zot:2    | Reached skill level 10 in Throwing
 77199 | Zot:2    | Reached skill level 11 in Throwing
 77262 | Zot:2    | Found a large runed translucent door.
 77263 | Zot:2    | Found a large runed translucent door.
 77266 | Zot:2    | Noticed Sial's ghost (veteran MiMo)
 77357 | Zot:2    | Noticed an orb of fire
 78085 | Shoals:2 | Killed MrCrawl's ghost
 78090 | Shoals:2 | Identified the +2 pair of gloves of Lies {Str+2}
 78092 | Shoals:2 | Identified the +0 hat of Transparent the Leaf {Regen+}
 78728 | Zot:3    | You fall into a shaft and drop 1 floor!
 79156 | Zot:4    | Reached skill level 12 in Throwing
 79852 | Zot:4    | Identified the +0 cloak "Kipno" {Rampage Int+4}
 80179 | Zot:3    | Reached XP level 25. HP: 177/177 MP: 43/43
 80216 | Zot:3    | Found a burning altar of Makhleb.
 80485 | Zot:3    | Reached skill level 13 in Throwing
 81025 | Zot:3    | Identified the ring of Tukkaont {Wiz Will+ Int+5 Stlth-}
 81140 | Zot:3    | Reached skill level 14 in Throwing
 81232 | Zot:3    | Identified the +2 sling of Tortfeasance {flame, Int+5
                  | Dex+3}
 81512 | Zot:5    | Entered Level 5 of the Realm of Zot
 81795 | Zot:5    | Noticed a Killer Klown
 81801 | Zot:5    | Killed a Killer Klown
 82009 | Zot:4    | Reached skill level 15 in Throwing
 82055 | Zot:5    | Noticed an orb of fire
 82064 | Zot:5    | Noticed a dread lich
 82065 | Zot:5    | Killed an orb of fire
 82069 | Zot:5    | Killed a dread lich
 82170 | Zot:5    | Noticed an ancient lich
 82182 | Zot:5    | Noticed a Killer Klown
 82188 | Zot:5    | Killed an ancient lich
 82194 | Zot:5    | Killed a Killer Klown
 82378 | Zot:5    | Reached skill level 16 in Throwing
 82474 | Zot:5    | Noticed an ancient lich
 82483 | Zot:5    | Killed an ancient lich
 82789 | Zot:5    | Noticed a Killer Klown
 82868 | Zot:5    | Noticed an ancient lich
 83032 | Zot:5    | Killed an ancient lich
 83233 | Zot:5    | Killed a Killer Klown
 83245 | Zot:5    | Reached skill level 17 in Throwing
 83308 | Zot:5    | Noticed an orb of fire
 83317 | Zot:5    | Killed an orb of fire
 83677 | Zot:5    | Noticed an ancient lich
 83683 | Zot:5    | Killed an ancient lich
 83684 | Zot:5    | Reached XP level 26. HP: 146/183 MP: 39/43
 84035 | Zot:5    | Noticed an orb of fire
 84042 | Zot:5    | Killed an orb of fire
 84043 | Zot:5    | Reached skill level 18 in Throwing
 84068 | Zot:5    | Learned a level 1 spell: Apportation
 84164 | Zot:5    | Noticed an orb of fire
 84184 | Zot:5    | Killed an orb of fire
 84806 | Zot:5    | Got the Orb of Zot
 84809 | Zot:5    | Noticed an ancient lich
 84812 | Zot:5    | Noticed Nitink the pandemonium lord
 84815 | Zot:5    | Killed an ancient lich
 85310 | D:5      | Noticed Fyosog the pandemonium lord
 85380 | D:1      | gg
 85381 | D:$      | Escaped with the Orb!

Illustrated notes

..#.§.#...##.PP......##...#...#..
..#...#...####PP...####...#...#..
..#...#...##.###'###.##...#...#..
..#...#...#...#...#...#...#...#..
......#...#...#.>)#...#...#......
......#...#...#...#...#...#......
##............#...#............##
######..........R..........######
'....######.....@.....######.....
###......##############......####
###.#.#.................######
..#............##########
###....##.....## #.........####
##.##.###..# ........#.##
##.##.#.#.#


Turn 85380 on D:1: gg

Levels and vault maps discovered:
D:1:      dpeg_arrival_water_fire, layout_basic, serial_shops, shop,
          chequers_serial_rivers_micro_c
D:2:      layout_basic, uniq_robin, uniq_sigmund
D:3:      layout_basic, gammafunk_ghost_split
D:4:      layout_layer_cave, kennysheep_mini, ebering_ghost_disaster_area
D:5:      layout_gridville, mainiacjoe_overflow_surrounded_room,
          minmay_temple_entry_wispy
D:6:      layout_basic
D:7:      layout_loops_ring, tso_altar
D:8:      layout_gridville, zin_angel, special_room [special_room_orc],
          hangedman_decor_push, minmay_crystal_water
D:9:      layout_irregular_city, lemuel_round_altar, enter_bailey_5
D:10:     layout_rooms, lemuel_doored_altar, orc_0_dummy, serial_shops, shop
D:11:     layout_layer_cave, minmay_lair_entry_grove, serial_shops,
          nicolae_shop_gibbet_a_chance, nicolae_ashenzari_panopticon,
          uniq_psyche, uniq_amaemon
D:12:     layout_cave_pools, enter_trove_2, nrook_campfire
D:13:     layout_gridville, hangedman_vaults_entry_quadrant_bands
D:14:     layout_basic, small_statue_intersection, the_hattery, uniq_jorgrun,
          uniq_agnes
D:15:     gammafunk_enter_depths_forms, layout_long_grid, nzn_ghost_randoct,
          nicolae_wu_jian_wuxing_cycle, special_room [special_room_orc],
          uniq_rupert, uniq_louise
Temple:   nicolae_temple_elliptical
Lair:1:   layout_misc_corridors
Lair:2:   layout_gridlike
Lair:3:   layout_regular_city, shoals_dummy_entry,
          minmay_snake_entry_guardpost_small
Lair:4:   layout_layer_cave, nicolae_slime_entry_field_trip, roderic_batcave,
          grunt_megastairs_1
Lair:5:   guppyfry_lair_end_dragon, layout_regular_city,
          hangedman_lair_tendril_chambers, ice2_lemuel
Shoals:1: layout_shoals
Shoals:2: cheibrodos_shoals_three_sisters, layout_shoals,
          gammafunk_ghost_tricky_traps, nicolae_shoals_kraken_intersection
Shoals:3: layout_shoals, nicolae_shop_gadgets, uniq_polyphemus, uniq_donald
Shoals:4: shoals_end_grunt_garden, layout_shoals, shoal_ilsuiw, uniq_mara
Snake:1:  layout_rooms, grunt_ministairs_2, serial_bayou_shore_b,
          grunt_megastairs_5
Snake:2:  layout_misc_corridors, uniq_aizul
Snake:3:  layout_layer_cave, st_stairs_13, uniq_kirke
Snake:4:  johnstein_snake_rune_scales, layout_rooms, serial_bayou_shore_a,
          minmay_shop_grove, uniq_mlioglotl, uniq_roxanne
Orc:1:    layout_diamond_mine, uniq_erolcha, uniq_nergalle, uniq_gastronok
Orc:2:    st_orc_congregation, layout_diamond_mine, gammafunk_ghost_necromancy
Elf:1:    eino_elf_arrival_customs, layout_rooms, minmay_elf_sorcery
Elf:2:    elven_hall_of_blades_hangedman_alternative
          [nicolae_vaults_blade_armed_guards], layout_geoelf_octagon,
          serial_shops, nicolae_shop_tiny_statue_garden, st_stairs_3
Vaults:1: mu_enter_wizlab_1, vaults_mumra_minichess, v_pattern_5,
          nicolae_vaults_storage_closets_2, nicolae_vaults_little_squares_1,
          nicolae_vaults_off_center_swirl, nicolae_vaults_little_squares_4,
          nicolae_vaults_house_3, ontoclasm_vaults_claustrophobia,
          nicolae_vaults_yaktaur_gun_rack, nicolae_vaults_alarming,
          vaults_mumra_minichess_inversion, vaults_dpeg_encased_lava,
          layout_vaults_big_cross
Vaults:2: minmay_crypt_entry_necro_gods, nicolae_vaults_swerve, v_misc_5,
          nicolae_vaults_wrenched, vaults_mumra_hexcomb,
          hangedman_vaults_impose, nicolae_vaults_ninety_degrees,
          nicolae_vaults_network_quinsquares
          [nicolae_vaults_network_quincunx_subvault,
          nicolae_vaults_network_quincunx_subvault,
          nicolae_vaults_network_quincunx_subvault,
          nicolae_vaults_network_quincunx_subvault], vaults_room_pool,
          nicolae_vaults_wine_cellar, ontoclasm_vaults_pinch,
          vaults_mumra_chevron_long, nicolae_vaults_little_ls,
          layout_vaults_omnibox, serial_shops, shop
Vaults:3: ontoclasm_vaults_hangar, nicolae_vaults_double_plus_2,
          nicolae_vaults_closet_pinwheel_5, vaults_standard_mumra_x,
          nicolae_vaults_trapezoid_3, hangedman_vaults_stitches,
          nicolae_vaults_diagonal_hallway_8, ontoclasm_vaults_eye,
          nicolae_vaults_trapezoid_lopsided_1, v_misc_3, layout_vaults_big_room,
          serial_shops, shop, nicolae_shop_behind_doors
Vaults:4: portal_desolation_entry_salt, nicolae_vaults_sealed_display,
          nicolae_vaults_house_2, nicolae_vaults_surprise_closet,
          nicolae_vaults_little_squares_3, nicolae_vaults_trapezoid_4,
          v_misc_24, nicolae_vaults_ring_of_whatevers, serial_ice_h,
          nicolae_vaults_double_plus_1, layout_vaults_omnigrid, serial_shops,
          bzr_in_the_mist
Crypt:1:  layout_chaotic_city, uniq_bai_suzhen
Crypt:2:  layout_chaotic_city, uniq_grunn
Crypt:3:  grunt_crypt_end_deaths_head
Depths:1: layout_twisted_cross, enter_ziggurat_c, reono_crystal_passage,
          hellmouth_3, nicolae_abyss_entry_one_way_or_another,
          nemelex_xobeh_ov_fountains_minmay, serial_bayou_shore_b
Depths:2: cheibrodos_quadrivalence, layout_basic, hell_entry,
          grunt_pan_entry_sceptre, serial_sigils, serial_sigils_hangedman_shear,
          serial_sigils_hangedman_snap, serial_sigils_hangedman_writhe,
          serial_sigils_hangedman_scar, grunt_decor_arrowhead
Depths:3: hangedman_pleasuredromes, abyss_entry, serial_shops, hell_entry
Depths:4: evilmike_zot_entry_diamond, layout_cave_pools, minmay_misc_feat_chi,
          grunt_pan_entry_zigzag, hell_entry
Zot:1:    layout_twisted_circle, hangedman_zot_decor_checkerboard
Zot:2:    layout_misc_corridors, ebering_ghost_disaster_area, nrook_zot_tub
Zot:3:    layout_misc_corridors, regret_index_zotdec_demonic_mixed,
          st_large_dragon_hoard_4
Zot:4:    layout_basic, regret_index_zotdec_twisting_globes
Zot:5:    layout_basic

Skill      XL: |  1  2  3  4  5  6  7  8  9 10 11 12 13 14 15 16 17 18 19 20 21 22 23 24 25 26 |
---------------+-------------------------------------------------------------------------------+-----
Fighting       | 1 3 4 5 8 12 15 16 | 16.0
Stealth        | 1 2 |  2.0
Short Blades   | 1 2 |  2.0
Spellcasting   | 2 3 4 5 6 8 11 14 15 16 | 16.2
Ice Magic      | 3 4 5 8 |  8.0
Evocations     | 2 3 4 6 8 |  8.0
Dodging        | 2 3 4 6 8 10 11 13 14 | 14.9
Polearms       | 6 8 10 12 14 | 14.0
Armour         | 4 6 8 11 13 | 13.0
Invocations    | 1 8 10 | 10.0
Necromancy     | 1 11 12 14 | 14.0
Shields        | 5 7 12 | 12.0
Conjurations   | 6 9 |  9.7
Transmutations | 6 9 10 12 | 12.0
Earth Magic    | 6 7 8 |  8.0
Throwing       | 12 17 18 | 18.7

Action                     |  1- 3 |  4- 6 |  7- 9 | 10-12 | 13-15 | 16-18 | 19-21 | 22-24 | 25-27 || total
---------------------------+-------+-------+-------+-------+-------+-------+-------+-------+-------++-------
  Melee: Dagger            |   128 |   115 |   289 |       |       |       |       |       |       ||   532
         Punch             |       |     1 |     3 |    10 |    13 |       |       |       |       ||    27
         Trident           |       |       |    47 |   615 |  1117 |       |       |       |       ||  1779
         Demon trident     |       |       |       |       |   146 |  1380 |  1425 |  2084 |   394 ||  5429
         Short sword       |       |       |       |       |       |    11 |       |       |       ||    11
   Fire: Longbow           |       |       |       |       |    34 |       |       |       |       ||    34
  Throw: Dart              |     3 |     2 |     9 |     5 |     1 |       |       |       |       ||    20
         Stone             |     2 |     9 |     5 |       |       |       |       |       |       ||    16
         Javelin           |       |     4 |       |     7 |       |       |       |       |    85 ||    96
         Throwing net      |       |       |       |       |       |       |       |       |     1 ||     1
   Cast: Freeze            |     3 |     5 |    58 |     5 |     2 |       |       |       |       ||    73
         Ozocubu's Armour  |       |     2 |    23 |    22 |    43 |    19 |     6 |       |       ||   115
         Vampiric Draining |       |       |       |       |    58 |    57 |     3 |     1 |       ||   119
         Agony             |       |       |       |       |    21 |    33 |    10 |    13 |     1 ||    78
         Irradiate         |       |       |       |       |       |    11 |    15 |    67 |    31 ||   124
         Animate Dead      |       |       |       |       |       |     7 |     2 |     4 |     1 ||    14
         Borgnjor's Vile C |       |       |       |       |       |       |     5 |     6 |    13 ||    24
         Death Channel     |       |       |       |       |       |       |     1 |     3 |     1 ||     5
         Apportation       |       |       |       |       |       |       |       |       |     2 ||     2
 Invoke: Ancestor Identity |       |       |     1 |       |       |       |       |       |       ||     1
         Recall Ancestor   |       |       |     3 |    14 |    20 |    13 |    12 |    20 |     9 ||    91
         Ancestor Life: Ba |       |       |       |     1 |       |       |       |       |       ||     1
         Idealise          |       |       |       |       |    10 |    12 |     9 |     6 |     8 ||    45
         Transference      |       |       |       |       |     3 |     1 |       |       |       ||     4
  Evoke: Wand              |       |     1 |     4 |     8 |    14 |    15 |     7 |    10 |       ||    59
         Phial of floods   |       |       |       |       |       |       |     1 |       |       ||     1
         Sack of spiders   |       |       |       |       |       |       |     1 |     1 |       ||     2
         Phantom mirror    |       |       |       |       |       |       |       |     1 |       ||     1
    Use: Scroll            |     4 |     2 |     8 |     4 |    15 |    15 |    12 |    20 |     4 ||    84
   Stab: Sleeping          |       |     1 |     3 |     2 |       |     2 |     4 |       |       ||    12
         Paralysed         |       |     2 |     3 |       |       |     5 |     2 |       |       ||    12
         Distracted        |       |       |       |    14 |    24 |    33 |    41 |    57 |    10 ||   179
         Invisible         |       |       |       |       |     1 |       |     3 |    17 |     7 ||    28
         Petrified         |       |       |       |       |       |     7 |       |       |       ||     7
         Confused          |       |       |       |       |       |       |     1 |       |       ||     1
         Held in net/web   |       |       |       |       |       |       |     1 |       |     3 ||     4
 Armour: Scale mail        |    48 |       |       |       |       |       |       |       |       ||    48
         Leather armour    |    21 |    68 |   264 |    72 |       |       |   307 |       |       ||   732
         Ring mail         |       |       |       |   315 |   838 |   857 |   139 |       |       ||  2149
         Fire dragon scale |       |       |       |       |       |       |    78 |  1037 |   239 ||  1354
  Dodge: Dodged            |    65 |    69 |   278 |   273 |   632 |   392 |   335 |   753 |   159 ||  2956
  Block: Buckler           |       |       |       |       |   208 |   117 |       |       |       ||   325
         Reflection        |       |       |       |       |    21 |   147 |    87 |     7 |       ||   262
         Kite shield       |       |       |       |       |       |   864 |   719 |  1111 |   197 ||  2891

Table legend: (Time is in decaauts)
 A = Elapsed time spent in this place.
 B = Non-inter-level travel time spent in this place.
 C = Inter-level travel time spent in this place.
 D = Time resting spent in this place.
 E = Time spent auto-exploring this place.
 F = Levels seen in this place.
 G = Mean time per level.
                   A        B        C        D        E       F      G
               +--------+--------+--------+--------+--------+-----+--------+
         Total |  84308 |  76247 |   8061 |  23127 |  25538 |  55 | 1532.9 |
       Dungeon |  23499 |  19844 |   3655 |   4926 |   7983 |  15 | 1566.6 |
        Temple |    123 |     91 |     32 |     71 |      0 |   1 |  123.0 |
          Lair |  10165 |   9205 |    960 |   3109 |   3305 |   5 | 2033.0 |
        Shoals |   7619 |   6978 |    641 |   2819 |   1838 |   4 | 1904.8 |
     Snake Pit |   6251 |   5920 |    331 |   1865 |   2239 |   4 | 1562.8 |
  Orcish Mines |   3076 |   2425 |    651 |    991 |    701 |   2 | 1538.0 |
   Elven Halls |   3283 |   3089 |    194 |    854 |   1069 |   2 | 1641.5 |
        Vaults |   6816 |   6391 |    425 |   1772 |   2782 |   4 | 1704.0 |
         Crypt |   3502 |   3233 |    269 |    470 |   1300 |   3 | 1167.3 |
        Depths |   6600 |   6027 |    573 |   2307 |   1636 |   4 | 1650.0 |
           Zot |   7978 |   7651 |    327 |   2177 |   1968 |   5 | 1595.6 |
         Abyss |    411 |    411 |      0 |     60 |      0 |   2 |  205.5 |
        Bazaar |     82 |     82 |      0 |      0 |      0 |   1 |   82.0 |
        Bailey |   1476 |   1476 |      0 |    391 |    312 |   1 | 1476.0 |
        Wizlab |   2260 |   2260 |      0 |   1107 |    202 |   1 | 2260.0 |
    Desolation |   1160 |   1160 |      0 |    205 |    201 |   1 | 1160.0 |
               +--------+--------+--------+--------+--------+-----+--------+

Top non-repeatable levels by time:
  Lair:5: 3084 daAuts
   Zot:5: 2759 daAuts
     D:7: 2719 daAuts
  Lair:3: 2695 daAuts
   Orc:2: 2460 daAuts
    D:11: 2437 daAuts
Depths:2: 2371 daAuts
    D:13: 2339 daAuts
Shoals:3: 2307 daAuts
  WizLab: 2260 daAuts
Shoals:2: 2204 daAuts
    D:15: 2158 daAuts
 Snake:3: 2126 daAuts
Vaults:2: 2107 daAuts
     D:4: 2083 daAuts
